AoeStats
← Secutor

Hill Fort

505497350Analyzed
3v3 RM · 23d ago on Sep 9, 2026· 58m 8s· 6 players
Game mode
Random Map
Map size
Normal (6 player)
Population
200
Speed
Normal
Resources
Standard
Victory
Conquest
Starting age
Dark Age
Ending age
Imperial Age
RankedLock teamsTeams togetherTeam positionsShared explorationLock speedFull tech treeHidden civsTurbo modeCheats
Victory
Defeat
🇲🇽 Khitans · Mexico
903
+16
🇪🇸 Saracens · Spain
873
+18
🇧🇷 Cumans · Brazil
855
+19
🇪🇸 Vietnamese · Spain
926
-18
🇪🇸 Spanish · Spain
916
-18
🇪🇸 Portuguese · Spain
891
-17
Solod
10:42 Feudal Age
15:06 Castle Age
13:21 Double-Bit Axe
14:24 Loom
17:09 Pikeman
18:30 Squires
21:26 Town Watch
24:10 Stone Mining
25:31 Gold Mining
27:21 Wheelbarrow
26:37 Domestication
29:00 Light Cavalry
30:00 Forging
29:57 Scale Barding Armor
30:35 Stone Shaft Mining
33:26 Imperial Age
31:43 Iron Casting
31:00 Fletching
32:13 Husbandry
33:29 Chain Barding Armor
33:36 Ballistics
33:31 Elite Skirmisher
34:13 Bodkin Arrow
34:57 Conscription
36:21 Plate Barding Armor
39:10 Thumb Ring
39:21 Elite Steppe Lancer
41:15 Pastoralism
41:35 Bow Saw
41:57 Ordo Cavalry
42:09 Caravan
42:02 Hussar
44:57 Two-Man Saw
47:09 Chemistry
46:16 Siege Engineers
53:08 Padded Archer Armor
53:30 Masonry
ateca9
5:27 Loom
11:35 Feudal Age
12:22 Double-Bit Axe
12:30 Horse Collar
14:56 Wheelbarrow
19:12 Castle Age
17:36 Gold Mining
17:39 Stone Mining
20:53 Fletching
21:16 Forging
23:06 Scale Barding Armor
26:25 Bloodlines
26:28 Husbandry
33:19 Imperial Age
31:12 Hand Cart
32:38 Bow Saw
33:51 Padded Archer Armor
34:19 Elite Skirmisher
35:06 Thumb Ring
36:14 Leather Archer Armor
35:54 Bodkin Arrow
36:57 Conscription
37:25 Ring Archer Armor
39:04 Hoardings
38:31 Town Watch
40:17 Iron Casting
40:36 Bracer
42:23 Chemistry
40:51 Capped Ram
42:22 Caravan
42:38 Heavy Camel Rider
45:07 Blast Furnace
46:06 Chain Barding Armor
49:29 Elite Mameluke
51:31 Plate Barding Armor
55:27 Ballistics
Will Rossi
9:15 Loom
11:21 Feudal Age
14:21 Horse Collar
15:27 Double-Bit Axe
15:57 Gold Mining
17:04 Stone Mining
21:29 Wheelbarrow
22:24 Town Watch
25:15 Castle Age
24:06 Bloodlines
24:13 Forging
24:56 Scale Barding Armor
26:47 Iron Casting
26:35 Chain Barding Armor
27:43 Bow Saw
30:27 Steppe Husbandry
33:05 Imperial Age
30:55 Hand Cart
30:42 Town Patrol
30:45 Heavy Plow
34:42 Plate Barding Armor
35:07 Elite Steppe Lancer
37:43 Blast Furnace
38:26 Crop Rotation
38:34 Caravan
Dani-El
8:46 Loom
11:08 Feudal Age
12:14 Horse Collar
14:08 Double-Bit Axe
19:57 Castle Age
18:56 Stone Mining
19:43 Bloodlines
21:12 Bow Saw
21:03 Heavy Plow
20:57 Gold Mining
21:20 Husbandry
23:29 Padded Archer Armor
27:02 Wheelbarrow
27:04 Town Watch
29:34 Town Patrol
31:29 Inquisition
31:54 Ballistics
31:54 Leather Archer Armor
31:46 Fletching
33:37 Hand Cart
34:42 Fervor
34:53 Sanctity
34:44 Redemption
34:32 Bodkin Arrow
38:53 Imperial Age
40:23 Ring Archer Armor
40:54 Chemistry
40:22 Bracer
40:44 Conscription
42:13 Elite Conquistador
44:51 Thumb Ring
46:15 Hoardings
45:38 Murder Holes
46:35 Illumination
50:45 Theocracy
50:59 Block Printing
56:48 Onager
Kingyobachi
8:20 Loom
12:34 Feudal Age
13:33 Double-Bit Axe
13:29 Horse Collar
13:33 Fishing Lines
13:46 Gold Mining
14:39 Wheelbarrow
20:31 Castle Age
20:04 Fletching
20:15 Padded Archer Armor
21:38 Bow Saw
21:45 Hand Cart
21:16 Town Watch
21:29 Stone Mining
22:25 Heavy Plow
26:53 Caravan
29:49 Imperial Age
27:20 Town Patrol
28:10 Stone Shaft Mining
28:56 Ballistics
28:17 Treadmill Crane
28:32 Murder Holes
29:47 Caravan
31:14 Thumb Ring
30:31 Crossbowman
31:45 Elite Skirmisher
34:09 Two-Man Saw
33:26 Bodkin Arrow
33:32 Scale Mail Armor
33:42 Forging
35:00 Bracer
35:15 Leather Archer Armor
36:05 Paper Money
39:49 Chemistry
38:55 Siege Engineers
39:20 Imperial Skirmisher
41:58 Squires
41:19 Pikeman
42:38 Chain Mail Armor
42:59 Iron Casting
42:54 Ring Archer Armor
42:36 Halberdier
47:51 Plate Mail Armor
Secutor
0:38 Loom
14:05 Feudal Age
18:46 Castle Age
18:02 Double-Bit Axe
22:16 Stone Mining
22:18 Gold Mining
22:20 Horse Collar
29:02 Town Watch
31:52 Imperial Age
29:58 Wheelbarrow
30:05 Heavy Plow
30:18 Bow Saw
31:38 Guard Tower
32:09 Ballistics
31:47 Elite Skirmisher
34:16 Stone Shaft Mining
35:48 Hand Cart
35:34 Town Patrol
35:10 Crossbowman
35:52 Fletching
36:02 Padded Archer Armor
36:14 Forging
36:04 Scale Mail Armor
36:10 Scale Barding Armor
38:29 Chemistry
38:05 Keep
40:27 Bombard Tower
39:46 Elite Organ Gun
43:01 Pikeman
43:03 Man-at-Arms
44:17 Conscription
44:46 Chain Mail Armor
47:44 Plate Mail Armor
Connection lost

Rejoining the realm…

Still unreachable

The connection could not be restored.

Session expired

The server has moved on; the page needs a fresh start.